 Dungeon Crawl Stone Soup version 0.32-a0-876-gcfddb08e57 (webtiles) character file.

Game seed: 12196037578378925500

3161 smashvw the Thaumaturge (level 10, -9/70 HPs)
             Began as a Djinni Conjurer on Apr 1, 2024.
             Was a Believer of Makhleb.
             Mangled by an acid dragon (11 damage)
             ... on level 8 of the Dungeon.
             The game lasted 00:19:13 (7420 turns).

smashvw the Thaumaturge (Djinni Conjurer)           Turns: 7420, Time: 00:19:13

Health: -9/70      AC:  9    Str:  6    XL:     10   Next: 15%
Gold:   1434       EV: 11    Int: 25    God:    Makhleb [**....] SH:  0 Dex: 11

rFire   + + .        s - +1 dagger (venom)
rCold   x . .        (no shield)
rNeg    . . .        a - +0 robe
rPois   ∞            m - +0 helmet
rElec   .            C - +0 cloak
rCorr   .            v - +0 pair of gloves
SInv    .            (boots unavailable)
Will    +....        (no amulet)
Stlth   ++           p - +4 ring of protection
HPRegen 0.31/turn    (no ring)
MPRegen 0.00/turn

%: infuse magic (-10 HP)
@: flying
A: sickness immunity, fire resistance 2, cold vulnerability 1, float, innate
caster, HP casting, extra vitality 1
a: Renounce Religion, Minor Destruction


You were on level 8 of the Dungeon.
You worshipped Makhleb.
Makhleb was pleased with you.
You visited 2 branches of the dungeon, and saw 9 of its levels.
You also visited: Bailey.

You collected 1434 gold pieces.

Inventory:

Hand Weapons
 s - a +1 dagger of venom (weapon)
Armour
 a - a +0 robe (worn)
 m - a +0 helmet (worn)
 v - a +0 pair of gloves (worn)
 C - a +0 cloak (worn)
Jewellery
 p - a +4 ring of protection (left hand)
 t - a ring of ice
 y - an amulet of faith
 A - a ring of see invisible
Wands
 z - a wand of acid (9)
Scrolls
 c - 3 scrolls of teleportation
 g - a scroll of fog
 j - 2 scrolls of immolation
 k - a scroll of enchant weapon
 l - a scroll of noise
 o - 4 scrolls of amnesia
 q - a scroll of blinking
 D - a scroll of enchant armour
Potions
 b - a potion of resistance
 e - 2 potions of curing {unknown}
 f - 2 potions of brilliance {unknown}
 h - a potion of degeneration {unknown}
 i - a potion of attraction {unknown}
 n - 2 potions of lignification {unknown}
 r - 3 potions of haste {unknown}
 u - 2 potions of mutation {unknown}
 w - a potion of invisibility {unknown}
 x - 2 potions of might {unknown}
 B - 5 potions of enlightenment


   Skills:
 - Level 5.0 Fighting
 - Level 2.7 Dodging
 - Level 2.0 Stealth
 + Level 10.4 Spellcasting
 + Level 10.4 Conjurations
 + Level 10.4 Hexes
 + Level 10.4 Summonings
 + Level 10.4 Necromancy
 + Level 10.4 Translocations
 + Level 10.4 Fire Magic
 + Level 10.4 Ice Magic
 + Level 10.4 Air Magic
 + Level 10.4 Earth Magic
 + Level 10.4 Alchemy


You knew the following spells:

 Your Spells              Type           Power      Damage    Failure   Level
a - Magic Dart            Conj           100%       1d8       1%          1
b - Searing Ray           Conj           100%       2d8       1%          2
c - Fulminant Prism       Conj/Alch      30%        3d16      1%          4
d - Iskenderun's Mystic   Conj/Tloc      60%        2d13      (+2d71%     4
e - Sting                 Conj/Alch      100%       1d9       1%          1
f - Blink                 Tloc           100%       N/A       1%          2
g - Jinxbite              Hex            100%       N/A       1%          2
h - Passwall              Erth           60%        N/A       1%          3
Your spell library was empty.

Dungeon Overview and Level Annotations

Branches:
Dungeon (8/15)             Temple (1/1) D:6          Bailey (visited)
   Lair: D:8-11

Altars:
Ashenzari
Cheibriados
Dithmenos
Elyvilon
Fedhas
Gozag
Hepliaklqana
Makhleb
Nemelex Xobeh
Okawaru
Qazlal
Trog
Uskayaw
Xom

Shops:
D:7 :   D:8 [


Innate Abilities, Weirdness & Mutations

You are immune to sickness and miasma.
You are immune to poison.
Your flesh is very heat resistant. (rF++)
You are vulnerable to cold. (rC-)
You float through the air rather than walking.
You learn spells naturally, not from books.
Your magical power is your life essence.
You have superior vitality. (+4 MHP)


Message History

As you read the scroll of identify, it crumbles to dust.
o - 4 scrolls of amnesia You now have 1434 gold pieces (gained 7).
c - 3 scrolls of teleportation (gained 1)
An acid dragon comes into view.
An acid dragon is nearby!
The magic dart hits the acid dragon but does no damage.
The acid dragon roars!
The magic dart hits the acid dragon.
The acid dragon is lightly wounded.
The acid dragon spits acid at you. The splash of acid hits you!!
The magic dart hits the acid dragon but does no damage.
The acid dragon is lightly wounded.
The acid dragon bites you! The acid dragon closely misses you.
Casting: Magic Dart (safe; 1% risk of failure)
Confirm with . or Enter, or press ? or * to list all spells.
You erupt in a blast of force!
The mystic blast hits the acid dragon!
The acid dragon is severely wounded.
The acid dragon is knocked back by the mystic blast.
Casting: Iskenderun's Mystic Blast (mildly dangerous; 1% risk of failure)
Confirm with . or Enter, or press ? or * to list all spells.
Aiming: Searing Ray (safe; 1% risk of failure)
Press: ? - help, Shift-Dir - straight line, f/p - acid dragon
Aim: an acid dragon (severely wounded, 83% to hit)
The searing ray hits the acid dragon!
The acid dragon is almost dead. (Press . to maintain the ray.)
The searing ray misses the acid dragon.
The acid dragon spits acid at you. The splash of acid hits you!!
* * * LOW HITPOINT WARNING * * *
Casting: Searing Ray (safe; 1% risk of failure)
Confirm with . or Enter, or press ? or * to list all spells.
You erupt in a blast of force!
The mystic blast hits the acid dragon but does no damage.
The acid dragon is almost dead.
* * * LOW HITPOINT WARNING * * *
The acid dragon bites you!
You die...

###.#........
###.....#####)#
###...#####
##... #...###
#.... #..##
#...#.
#.#####.##
#...###
#.......#
.....# #
#.####.## ###..
#@# ##. #.D.# .
#...# . #..##
+# ... #...
#... #...


You could see an acid dragon (catching breath).

Vanquished Creatures
  Sigmund (D:3)
  A steam dragon (D:8)
  A water moccasin (D:5)
  7 orc warriors
  2 ice beasts
  A sky beast (D:7)
  An ogre (D:5)
  A phantom (D:5)
  2 bullfrogs
  A kobold brigand (D:7)
  A gnoll sergeant (D:6)
  2 scorpions
  10 wights (D:8)
  A bombardier beetle (D:5)
  3 hounds
  3 jellies
  2 sleepcaps
  A gnoll bouda (D:6)
  An orc priest (D:6)
  4 iguanas
  2 orc wizards
  13 gnolls
  7 adders
  2 white imps (D:8)
  2 ufetubi (D:5)
  2 dart slugs (D:1)
  3 ribbon worms
  19 orcs
  4 bats
  3 endoplasms
  A giant cockroach (D:3)
  5 hobgoblins
  3 jackals (D:2)
  4 ball pythons
  A frilled lizard (D:3)
  14 goblins
  22 kobolds
  4 rats
157 creatures vanquished.

Vanquished Creatures (others)
  10 fulminant prisms
10 creatures vanquished.

Grand Total: 167 creatures vanquished

Notes
Turn   | Place    | Note
-------+----------+-------------------------------------------
     0 | D:1      | smashvw the Djinni Conjurer began the quest for the Orb.
     0 | D:1      | smashvw set off with the following spells memorised: Magic
                  | Dart, Searing Ray, Fulminant Prism, Iskenderun's Mystic
                  | Blast.
     0 | D:1      | Reached XP level 1. HP: 15/15 MP: 0/0
   168 | D:1      | Reached XP level 2. HP: 18/21 MP: 0/0
   350 | D:1      | Found a faded altar of an unknown god.
   830 | D:2      | Reached XP level 3. HP: 23/25 MP: 0/0
   830 | D:2      | Learned a level 1 spell: Sting
  1441 | D:3      | Reached XP level 4. HP: 26/31 MP: 0/0
  1468 | D:3      | Reached skill level 1 in Fighting
  1632 | D:3      | Reached XP level 5. HP: 31/38 MP: 0/0
  1632 | D:3      | Learned a level 2 spell: Blink
  1905 | D:3      | Noticed Sigmund
  1911 | D:3      | Killed Sigmund
  1912 | D:3      | Reached XP level 6. HP: 39/46 MP: 0/0
  2212 | D:4      | Reached skill level 5 in Spellcasting
  2212 | D:4      | Reached skill level 5 in Conjurations
  2212 | D:4      | Reached skill level 5 in Hexes
  2212 | D:4      | Reached skill level 5 in Summonings
  2212 | D:4      | Reached skill level 5 in Necromancy
  2212 | D:4      | Reached skill level 5 in Translocations
  2212 | D:4      | Reached skill level 5 in Fire Magic
  2212 | D:4      | Reached skill level 5 in Ice Magic
  2212 | D:4      | Reached skill level 5 in Air Magic
  2212 | D:4      | Reached skill level 5 in Earth Magic
  2212 | D:4      | Reached skill level 5 in Alchemy
  2301 | D:4      | Reached XP level 7. HP: 39/52 MP: 0/0
  2301 | D:4      | Learned a level 2 spell: Jinxbite
  2403 | D:4      | Found a bloodstained altar of Trog.
  2895 | D:5      | Entered Level 5 of the Dungeon
  3202 | D:5      | Noticed a water moccasin
  3208 | D:5      | Killed a water moccasin
  3209 | D:5      | Reached skill level 5 in Fighting
  3245 | D:5      | Reached XP level 8. HP: 55/59 MP: 0/0
  4787 | D:6      | Identified the +1 ring mail of Salvation {rF+ Str+2}
  4939 | D:6      | Found a staircase to the Ecumenical Temple.
  4993 | D:7      | Reached XP level 9. HP: 55/65 MP: 0/0
  4993 | D:7      | Learned a level 3 spell: Passwall
  5119 | Temple   | Entered the Ecumenical Temple
  5128 | Temple   | Became a worshipper of Makhleb the Destroyer
  5569 | D:7      | Found Duolocog's Book Boutique.
  5569 | D:7      | Found a flagged portal.
  5576 | Bailey   | Entered a bailey
  6020 | Bailey   | Reached * piety under Makhleb
  6465 | D:7      | Found a shimmering altar of Xom.
  6883 | D:8      | Found a stormy altar of Qazlal.
  7022 | D:8      | Reached XP level 10. HP: 40/70 MP: 0/0
  7023 | D:8      | Reached skill level 10 in Spellcasting
  7023 | D:8      | Reached skill level 10 in Conjurations
  7023 | D:8      | Reached skill level 10 in Hexes
  7023 | D:8      | Reached skill level 10 in Summonings
  7023 | D:8      | Reached skill level 10 in Necromancy
  7023 | D:8      | Reached skill level 10 in Translocations
  7023 | D:8      | Reached skill level 10 in Fire Magic
  7023 | D:8      | Reached skill level 10 in Ice Magic
  7023 | D:8      | Reached skill level 10 in Air Magic
  7023 | D:8      | Reached skill level 10 in Earth Magic
  7023 | D:8      | Reached skill level 10 in Alchemy
  7142 | D:8      | Found Semioher's Antique Armour Shop.
  7287 | D:8      | Reached ** piety under Makhleb
  7420 | D:8      | Mangled by an acid dragon

Illustrated notes

Levels and vault maps discovered:
D:1:      amcnicky_arrival_flooded_fountain, layout_basic,
          basic_ecumenical_altar
D:2:      layout_rooms, kennysheep_small_spiral
D:3:      layout_loops_cross, uniq_sigmund
D:4:      layout_rooms, general_overflow_altar
D:5:      layout_basic, minmay_fountain_box
D:6:      layout_basic, minmay_temple_entry_from_below_a
D:7:      layout_loops_ring, mainiacjoe_overflow_alcove_2, enter_bailey_5,
          serial_shops, shop
D:8:      minmay_the_grid_plus_closed [minmay_the_grid_outer_diamond,
          minmay_the_grid_broken_lines, minmay_the_grid_spikes,
          minmay_the_grid_square_x, minmay_the_grid_prize_four_corners],
          layout_loops_ring, mainiacjoe_overflow_alcove_1,
          mainiacjoe_overflow_small_starburst, zin_scriptorium,
          chequers_temple_overflow_minitemple, david_lair_shrubbed,
          serial_shops, nicolae_shop_tiny_statue_garden
Temple:   nicolae_temple_two_arcs

Skill      XL: |  1  2  3  4  5  6  7  8  9 10 |
---------------+-------------------------------+-----
Stealth        | 2 |  2.0
Spellcasting   | 4 5 7 9 10 | 10.4
Conjurations   | 4 5 7 9 10 | 10.4
Hexes          | 4 5 7 9 10 | 10.4
Summonings     | 4 5 7 9 10 | 10.4
Necromancy     | 4 5 7 9 10 | 10.4
Translocations | 4 5 7 9 10 | 10.4
Fire Magic     | 4 5 7 9 10 | 10.4
Ice Magic      | 4 5 7 9 10 | 10.4
Air Magic      | 4 5 7 9 10 | 10.4
Earth Magic    | 4 5 7 9 10 | 10.4
Alchemy        | 4 5 7 9 10 | 10.4
Fighting       | 2 3 4 5 |  5.0
Dodging        | |  2.7

Action                     |  1- 3 |  4- 6 |  7- 9 | 10-12 || total
---------------------------+-------+-------+-------+-------++-------
  Melee: Dagger            |       |       |     4 |       ||     4
   Cast: Magic Dart        |    49 |    42 |   216 |    14 ||   321
         Searing Ray       |     1 |     1 |     9 |     4 ||    15
         Sting             |     7 |    11 |    16 |     1 ||    35
         Fulminant Prism   |       |     2 |     8 |       ||    10
         Iskenderun's Myst |       |     1 |    47 |     6 ||    54
         Jinxbite          |       |       |     2 |       ||     2
    Use: Scroll            |       |       |       |     9 ||     9
 Armour: Robe              |     1 |     3 |    40 |    11 ||    55
  Dodge: Dodged            |     3 |     1 |    37 |     6 ||    47

Table legend: (Time is in decaauts)
 A = Elapsed time spent in this place.
 B = Non-inter-level travel time spent in this place.
 C = Inter-level travel time spent in this place.
 D = Time resting spent in this place.
 E = Time spent auto-exploring this place.
 F = Levels seen in this place.
 G = Mean time per level.
                   A        B        C        D        E       F      G
               +--------+--------+--------+--------+--------+-----+--------+
         Total |   7418 |   7122 |    296 |    129 |   5965 |  10 |  741.8 |
       Dungeon |   6637 |   6357 |    280 |    129 |   5419 |   8 |  829.6 |
        Temple |     18 |      2 |     16 |      0 |      0 |   1 |   18.0 |
        Bailey |    761 |    761 |      0 |      0 |    546 |   1 |  761.0 |
               +--------+--------+--------+--------+--------+-----+--------+

Top non-repeatable levels by time:
     D:5: 1074 daAuts
     D:7: 911 daAuts
     D:6: 902 daAuts
     D:3: 846 daAuts
     D:4: 841 daAuts
  Bailey: 761 daAuts
     D:8: 724 daAuts
     D:1: 710 daAuts
     D:2: 626 daAuts
  Temple: 18 daAuts
